 Dungeon Crawl Stone Soup version 0.28-a0-475-g7dc2aef8ca (webtiles) character file.

Game seed: 8718246712587135923

508 Dabor the Skirmisher (level 7, 0/55 HPs)
             Began as a Formicid Abyssal Knight on Sept 16, 2021.
             Was a Believer of Lugonu.
             Succumbed to an orc warrior's poison
             ... on level 4 of the Dungeon.
             The game lasted 00:10:47 (4292 turns).

Dabor the Skirmisher (Formicid Abyssal Knight)      Turns: 4292, Time: 00:10:47

Health: 0/55       AC: 12    Str: 18    XL:     7   Next: 42%
Magic:  10/10      EV:  6    Int: 12    God:    Lugonu [**....]
Gold:   1275       SH:  0    Dex: 10    Spells: 6/6 levels left

rFire   . . .      SeeInvis +   a - +1 spear
rCold   . . .      Faith    .   (no shield)
rNeg    . . .      Spirit   .   l - +0 plate armour
rPois   .          Reflect  .   (helmet unavailable)
rElec   .          Harm     .   j - +0 cloak
rCorr   +          Rampage  .   (no gloves)
Will    .....                   (no boots)
Stlth   ..........              (no amulet)
HPRegen 0.18/turn               i - ring of resist corrosion
MPRegen 0.12/turn               (no ring)

@: lethally poisoned (0 -> -24), attractive
A: permanent stasis, dig shafts and tunnels, antennae 3, four strong arms
a: Dig, Shaft Self, Renounce Religion, Depart the Abyss, Bend Space


You were on level 4 of the Dungeon.
You worshipped Lugonu.
Lugonu was pleased with you.
You visited 1 branch of the dungeon, and saw 6 of its levels.
You visited the Abyss 1 time.

You collected 1275 gold pieces.

Inventory:

Hand Weapons
 a - a +1 spear (weapon)
 g - a +0 halberd
Armour
 c - a +2 scale mail of fire resistance
 j - a +0 cloak (worn)
 l - a +0 plate armour (worn)
Jewellery
 i - a ring of resist corrosion (left hand)
Wands
 m - a wand of flame (18)
Scrolls
 b - a scroll of fog
Potions
 h - a potion of berserk rage {unknown}
 k - a potion of flight {unknown}
 n - a potion of lignification {unknown}


   Skills:
 + Level 4.7 Fighting
 + Level 3.4 Polearms
 + Level 3.9 Armour
 + Level 2.8 Dodging
 + Level 3.4 Stealth
 + Level 4.0 Invocations


You had 6 spell levels left.
You didn't know any spells.
Your spell library contained the following spells:

 Spells                   Type           Power      Damage    Failure   Level
 Apportation              Tloc           0%         N/A       100%        1
 Conjure Flame            Conj/Fire      0%         6-21      100%        3
 Ignite Poison            Fire/Tmut/Pois 0%         N/A       100%        3
 Ozocubu's Armour         Ice            0%         N/A       100%        3
 Cause Fear               Hex            0%         N/A       100%        4
 Fulminant Prism          Conj/Hex       0%         3d6       100%        4
 Sticky Flame             Conj/Fire      0%         2d3       100%        4
 Alistair's Intoxication  Tmut/Pois      0%         N/A       100%        5
 Manifold Assault         Tloc           0%         N/A       100%        5
 Invisibility             Hex            0%         N/A       100%        6
 Ozocubu's Refrigeration  Ice            0%         4d5       100%        7


Dungeon Overview and Level Annotations

Branches:
Dungeon (6/15)             Temple (0/1) D:4

Altars:
Vehumet


Innate Abilities, Weirdness & Mutations

You cannot be hasted, slowed, berserked, paralysed or teleported.
You can dig through walls and to a lower floor.
You have a pair of large antennae on your head. (SInv)
Your four strong arms can wield two-handed weapons with a shield.


Message History

The orc wizard is heavily wounded.
You feel sick.
The orc wizard hits you but does no damage.
The orc warrior hits you from afar with a +1 spear of venom.
You are more poisoned.
You hit the orc wizard.
The orc wizard is almost dead.
You feel very sick.
The orc wizard drinks a potion.
The orc wizard is healed!
The orc warrior hits you but does no damage.
You are lethally poisoned!
You feel better.
The orc wizard hits you with a +2 hand axe of freezing.
The orc wizard freezes you. The orc warrior closely misses you.
Your plate armour prevents you from hitting the orc wizard.
The orc wizard hits you but does no damage.
The orc warrior hits you but does no damage.
You are poisoned.
You hit the orc wizard.
The orc wizard is lightly wounded.
You feel sick.
The howler monkey hoots and howls with incredible vigour!
The orc wizard barely misses you.
The orc warrior hits you from afar with a +1 spear of venom.
* * * LOW HITPOINT WARNING * * *
You are lethally poisoned!
The howler monkey hoots and howls with incredible vigour!
It was a potion of magic.
Magic courses through your body.
* * * LOW HITPOINT WARNING * * *
You feel very sick.
The orc wizard hits you with a +2 hand axe of freezing.
* * * LOW HITPOINT WARNING * * *
The orc wizard freezes you.
* * * LOW HITPOINT WARNING * * *
The orc warrior hits you from afar with a +1 spear of venom.
* * * LOW HITPOINT WARNING * * *
You are more poisoned.
It was a potion of attraction.
You feel attractive to monsters.
You die...

. .... #####.####
[... ........#
...... ###..#.##.#
. #... #...... #@#
.###...#.#..####o#
..#....#.#..{..oh#
..# #...Z..######
#.# ###.####
##{#####.# ########
##### ..{{{{...#
#......# #....
.#o####### #.####.#
#.### .#.#
#.####.########.###


You could see an orc warrior, a howler monkey (catching breath) and an orc
wizard (invisible).

Vanquished Creatures
  An ice beast (D:3)
  A black bear (D:4)
  A phantom (D:4)
  A gnoll sergeant (D:4)
  An iguana (D:4)
  A mummy (D:4)
  3 gnolls
  5 adders
  A worm (D:3)
  2 dart slugs (D:2)
  3 orcs (D:4)
  3 ball pythons
  6 endoplasms
  4 giant cockroaches
  9 hobgoblins
  2 jackals (D:1)
  3 quokkas
  3 bats
  3 frilled lizards
  4 goblins
  A hobgoblin zombie (D:4)
  8 kobolds
  2 kobold zombies (D:4)
  An orc zombie (D:4)
  2 rats (D:2)
71 creatures vanquished.

Notes
Turn   | Place    | Note
-------+----------+-------------------------------------------
     0 | Abyss:1  | Dabor the Formicid Abyssal Knight began the quest for the
                  | Orb.
     0 | Abyss:1  | Reached XP level 1. HP: 18/18 MP: 2/2
    89 | Abyss:1  | Noticed a thrashing horror
   101 | Abyss:1  | Noticed a quasit
   102 | D:1      | Escaped the Abyss
   120 | D:1      | Reached skill level 1 in Dodging
   270 | D:1      | Reached * piety under Lugonu
   273 | D:1      | Reached XP level 2. HP: 20/24 MP: 3/3
   492 | D:1      | Found a faded altar of an unknown god.
   516 | D:1      | Got the Compendium of Displacement and Hexes
  1152 | D:2      | Reached XP level 3. HP: 27/29 MP: 4/4
  1290 | D:2      | Reached skill level 1 in Stealth
  1389 | D:2      | Reached XP level 4. HP: 37/37 MP: 4/6
  1478 | D:2      | Reached ** piety under Lugonu
  1965 | D:3      | Noticed an ice beast
  1993 | D:3      | Killed an ice beast
  1994 | D:3      | Reached XP level 5. HP: 41/42 MP: 7/7
  2070 | D:3      | You fall into a shaft and drop 2 floors!
  2070 | D:5      | Entered Level 5 of the Dungeon
  2267 | D:4      | Reached XP level 6. HP: 48/48 MP: 8/8
  2606 | D:4      | Noticed an orc warrior
  2634 | D:4      | Found a staircase to the Ecumenical Temple.
  2881 | D:4      | Noticed a black bear
  2888 | D:4      | Identified a scroll of acquirement
  2888 | D:4      | Acquired 1079 gold pieces
  2953 | D:4      | Killed a black bear
  2954 | D:4      | Reached XP level 7. HP: 40/55 MP: 9/9
  3922 | D:4      | Found a radiant altar of Vehumet.
  4292 | D:4      | Succumbed to an orc warrior's poison

Illustrated notes

Levels and vault maps discovered:
D:1:      dpeg_arrival_stonehenge_8_columns, layout_basic,
          ebering_ecumenical_altar_ruins, minmay_split_cup_small
D:2:      layout_basic
D:3:      layout_rooms, serial_bayou_pond_d
D:4:      minmay_clustersquares, layout_loops_cross, old_standard_altar,
          minmay_temple_entry_arrows, minmay_mini_ossuary
D:5:      kennysheep_spiral_hall, layout_basic, gammafunk_ghost_gnarly_gnolls
D:6:      wad_crossroads, layout_loops_cross

Skill      XL: |  1  2  3  4  5  6  7 |
---------------+----------------------+-----
Dodging        | 1 2 |  2.8
Stealth        | 1 2 3 |  3.4
Fighting       | 4 |  4.7
Armour         | 3 |  3.9
Invocations    | 3 4 |  4.0
Polearms       | 3 |  3.4

Action                   |  1- 3 |  4- 6 |  7- 9 || total
-------------------------+-------+-------+-------++-------
Melee: Spear             |   101 |   159 |   121 ||   381
Invok: Depart the Abyss  |     1 |       |       ||     1
       Bend Space        |       |       |     1 ||     1
 Abil: Dig               |       |     2 |       ||     2
  Use: Scroll            |     4 |     4 |       ||     8
       Potion            |       |     1 |     3 ||     4
Armor: Leather armour    |     2 |       |       ||     2
       Scale mail        |    45 |    14 |       ||    59
       Plate armour      |       |    85 |    50 ||   135
Dodge: Dodged            |    25 |    43 |    33 ||   101

Table legend: (Time is in decaauts)
 A = Elapsed time spent in this place.
 B = Non-inter-level travel time spent in this place.
 C = Inter-level travel time spent in this place.
 D = Time resting spent in this place.
 E = Time spent auto-exploring this place.
 F = Levels seen in this place.
 G = Mean time per level.
                   A        B        C        D        E       F      G
               +--------+--------+--------+--------+--------+-----+--------+
         Total |   4278 |   4090 |    188 |    707 |   2449 |   7 |  611.1 |
       Dungeon |   4176 |   3988 |    188 |    707 |   2370 |   6 |  696.0 |
         Abyss |    102 |    102 |      0 |      0 |     79 |   1 |  102.0 |
               +--------+--------+--------+--------+--------+-----+--------+

Top non-repeatable levels by time:
     D:4: 1516 daAuts
     D:1: 957 daAuts
     D:2: 714 daAuts
     D:5: 693 daAuts
     D:3: 293 daAuts
 Abyss:1: 102 daAuts
     D:6: 1 daAuts
